Selects Panzerjäger Kommand Battlegroup
Construct Light Support Kompanie
Selects GrB 39 Grenade Launcher Requisition
le.IG 18 Support Gun Team
Pak 38 Anti-tank Gun Team
Selects Defensive Positions
Construct Panzerarmee Kommand
Walking Stuka Rocket Launcher
Selects Butterfly Bomb Drop
Walking Stuka Rocket Launcher
Pak 38 Anti-tank Gun Team
Walking Stuka Rocket Launcher
Walking Stuka Rocket Launcher
Selects Crew Shock Tactics
Selects Anti-tank Overwatch
Flak 36 Anti-tank Gun Team